 Dungeon Crawl Stone Soup version 0.26-a0-388-gf3277c4969 (webtiles) character file.

Game seed: 4108740087752005465

0 Gargoyl the Skirmisher (level 1, -9/23 HPs)
             Began as a Gnoll Abyssal Knight on July 21, 2020.
             Was a Follower of Lugonu.
             Killed from afar by a green death (13 damage)
             ... with a blast of poison
             ... on level 2 of the Abyss.
             The game lasted 00:00:47 (257 turns).

Gargoyl the Skirmisher (Gnoll Abyssal Knight)        Turns: 257, Time: 00:00:48

Health: -9/23      AC:  3    Str: 14      XL:     1   Next: 0%
Magic:  3/3        EV: 12    Int: 14      God:    Lugonu [*.....]
Gold:   27         SH:  0    Dex: 13 (14) Spells: 0/0 levels left

rFire    . . .     SeeInvis .   a - +1 hand axe
rCold    . . .     Faith    .   (no shield)
rNeg     . . .     Spirit   .   b - +0 leather armour
rPois    .         Reflect  .   (no helmet)
rElec    .         Harm     .   (no cloak)
rCorr    .                      (no gloves)
MR       .....                  (no boots)
Stlth    +.........             (no amulet)
HPRegen  0.07/turn              (no ring)
MPRegen  0.08/turn              (no ring)

@: lethally poisoned (-9 -> -20)
A: distributed training, fangs 1, [subdued magic 2], strong nose
a: Depart the Abyss, Renounce Religion


You were on level 2 of the Abyss.
You worshipped Lugonu.
Lugonu was aware of your devotion.
You visited 0 branches of the dungeon, and saw 0 of its levels.
You visited the Abyss 1 time.

You collected 27 gold pieces.

Inventory:

Hand Weapons
 a - a +1 hand axe (weapon)
Armour
 b - a +0 leather armour (worn)


   Skills:
 + Level 6.4 Fighting
 + Level 0.0 Short Blades
 + Level 0.0 Long Blades
 + Level 4.4 Axes
 + Level 0.0 Maces & Flails
 + Level 0.0 Polearms
 + Level 0.0 Staves
 + Level 0.0 Slings
 + Level 0.0 Bows
 + Level 0.0 Crossbows
 + Level 0.0 Throwing
 + Level 4.4 Armour
 + Level 2.3 Dodging
 + Level 0.0 Stealth
 + Level 0.0 Shields
 + Level 0.0 Unarmed Combat
 + Level 0.0 Spellcasting
 + Level 0.0 Conjurations
 + Level 0.0 Hexes
   Level 0.0 Charms
 + Level 0.0 Summonings
 + Level 0.0 Necromancy
 + Level 0.0 Translocations
 + Level 0.0 Transmutations
 + Level 0.0 Fire Magic
 + Level 0.0 Ice Magic
 + Level 0.0 Air Magic
 + Level 0.0 Earth Magic
 + Level 0.0 Poison Magic
 + Level 4.4 Invocations
 + Level 0.0 Evocations


You couldn't memorise any spells.
You didn't know any spells.
Your spell library was empty.

Dungeon Overview and Level Annotations

Branches:
Dungeon (0/15)

Altars:


Innate Abilities, Weirdness & Mutations

Your experience applies equally to all skills.
You have very sharp teeth.
Your uncanny sense of smell can sniff out nearby items.
[Your spells are easier to cast, but less powerful.]


Message History

A tentacled starspawn comes into view.
The wretched star pulses with an eldritch light!
Your connection to magic feels subdued.
Your connection to magic feels more subdued.
Tentacles burst from the starspawn's body! 2 starspawn tentacles come into view.
The quasit bites you. The quasit claws you. x2
A tentacle flies out from the starspawn's body!
A starspawn tentacle comes into view.
The quasit bites you.
* * * LOW HITPOINT WARNING * * *
You feel clumsy. The quasit claws you.
* * * LOW HITPOINT WARNING * * *
The quasit closely misses you.
A green death comes into view.
The green death gestures at you. The blast of poison engulfs you!
You are lethally poisoned!
Ouch! That really hurt!
You die...

# # ###.#. #. # #
.####..*. ..# .#
...#.##.##.#.#
#.#.. ##....# #
###.#*###X..#..#
#.##..#.#.*.WW.##.
#2§..#5##.X.... ##
#○..#.###>..##
#..#@..## .....# #
#........#.#.
...#.#..#..####
##...#.##....
..§.#### ##..
.###.. ##. ..# ..


You could see a green death, a wretched star and a quasit.

Vanquished Creatures (others)
  3 starspawn tentacles (Abyss:2)
3 creatures vanquished.

Notes
Turn   | Place    | Note
-------+----------+-------------------------------------------
     0 | Abyss:1  | Gargoyl the Gnoll Abyssal Knight began the quest for the
                  | Orb.
     0 | Abyss:1  | Reached XP level 1. HP: 23/23 MP: 3/3
   100 | Abyss:1  | Noticed a small abomination
   105 | Abyss:1  | Noticed an earth elemental
   144 | Abyss:2  | Noticed a large abomination
   144 | Abyss:2  | Found a corrupted altar of Lugonu.
   214 | Abyss:2  | Noticed a freezing wraith
   230 | Abyss:2  | Noticed a wraith
   231 | Abyss:2  | Noticed a large abomination
   243 | Abyss:2  | Noticed a wretched star
   243 | Abyss:2  | Noticed a quasit
   248 | Abyss:2  | Noticed a tentacled starspawn
   256 | Abyss:2  | Noticed a green death
   257 | Abyss:2  | Killed from afar by a green death

Illustrated notes

Levels and vault maps discovered:
Abyss:2:  serial_sigils_hangedman_shear,
          hangedman_abyss_or_decor_jellyfish_corner, bh_abyss_xom_lugonu_altar

Action                   || total
-------------------------++-------
Dodge: Dodged            ||     4

Table legend: (Time is in decaauts)
 A = Elapsed time spent in this place.
 B = Non-inter-level travel time spent in this place.
 C = Inter-level travel time spent in this place.
 D = Time resting spent in this place.
 E = Time spent auto-exploring this place.
 F = Levels seen in this place.
 G = Mean time per level.
                   A        B        C        D        E       F      G
               +--------+--------+--------+--------+--------+-----+--------+
         Total |    258 |    258 |      0 |      0 |    126 |   2 |  129.0 |
         Abyss |    258 |    258 |      0 |      0 |    126 |   2 |  129.0 |
               +--------+--------+--------+--------+--------+-----+--------+
Top levels by time: Abyss:2: 138 daAuts Abyss:1: 119 daAuts
